 Dungeon Crawl Stone Soup version 0.29-a0-284-gf9362112df (webtiles) character file.

Game seed: 6456834795160603482

282 rabbitsville the Poker (level 6, -2/44 HPs)
             Began as a Gnoll Wanderer on Mar 29, 2022.
             Slain by a phantom (4 damage)
             ... on level 3 of the Dungeon.
             The game lasted 00:04:15 (2305 turns).

rabbitsville the Poker (Gnoll Wanderer)             Turns: 2305, Time: 00:04:16

Health: -2/44      AC:  4    Str: 15    XL:     6   Next: 28%
Magic:  8/8        EV: 12    Int:  9    God:
Gold:   43         SH:  5    Dex: 14    Spells: 8/8 levels left

rFire   . . .      SeeInvis .   h - +4 whip of Starshine {venom, Str+2}
rCold   . . .      Faith    .   (no shield)
rNeg    . . .      Spirit   .   e - +0 leather armour
rPois   .          Reflect  +   (no helmet)
rElec   .          Harm     .   (no cloak)
rCorr   .          Rampage  .   (no gloves)
Will    .....                   g - +0 pair of boots
Stlth   ++........              l - amulet of reflection
HPRegen 0.14/turn               (no ring)
MPRegen 0.11/turn               (no ring)

@: no status effects
A: fangs 1, strong nose, distributed training
a: no special abilities


You were on level 3 of the Dungeon.
You visited 1 branch of the dungeon, and saw 3 of its levels.

You collected 113 gold pieces.
You spent 70 gold pieces at shops.

Inventory:

Hand Weapons
 a - a +2 spear
 b - a +0 short sword
 h - the +4 whip of Starshine (weapon) {venom, Str+2}
   (You took it off a kobold on level 2 of the Dungeon)

   It poisons the flesh of those it strikes.
   Str:       It affects your strength (+2).
Missiles
 k - a throwing net
Armour
 e - a +0 leather armour (worn)
 g - a +0 pair of boots (worn)
Jewellery
 l - an amulet of reflection (around neck)
Wands
 c - a wand of polymorph (3) (quivered)
 o - a wand of flame (16)
Scrolls
 f - 4 scrolls of identify {unknown}
 i - a scroll of amnesia {unknown}
 m - a scroll of teleportation {unknown}
 p - a scroll of immolation {unknown}
Potions
 d - a potion of lignification
 j - 2 potions of attraction {unknown}
 n - a potion of heal wounds


   Skills:
 + Level 1.9 Fighting
 + Level 6.8 Short Blades
 + Level 1.9 Long Blades
 + Level 1.9 Axes
 + Level 1.9 Maces & Flails
 + Level 6.8 Polearms
 + Level 1.9 Staves
 + Level 1.9 Slings
 + Level 1.9 Bows
 + Level 1.9 Crossbows
 + Level 3.2 Throwing
 + Level 3.2 Armour
 + Level 1.9 Dodging
 + Level 1.9 Stealth
 + Level 1.9 Shields
 + Level 1.9 Unarmed Combat
 + Level 1.9 Spellcasting
 + Level 1.5 Conjurations
 + Level 1.5 Hexes
 + Level 1.5 Summonings
 + Level 1.5 Necromancy
 + Level 1.5 Translocations
 + Level 1.5 Transmutations
 + Level 1.5 Fire Magic
 + Level 1.5 Ice Magic
 + Level 1.5 Air Magic
 + Level 1.5 Earth Magic
 + Level 1.5 Poison Magic
 + Level 2.1 Invocations
 + Level 4.9 Evocations


You had 8 spell levels left.
You didn't know any spells.
Your spell library contained the following spells:

 Spells                   Type           Power      Damage    Failure   Level
 Beastly Appendage        Tmut           6%         N/A       22%         1
 Wereblood                Tmut           3%         N/A       34%         2
 Spider Form              Tmut/Pois      3%         N/A       56%         3


Dungeon Overview and Level Annotations

Branches:
Dungeon (3/15)

Altars:
Cheibriados
Elyvilon
Nemelex Xobeh

Shops:
D:3 :=[*


Innate Abilities, Weirdness & Mutations

You have very sharp teeth.
Your uncanny sense of smell can sniff out nearby items.
Your experience applies equally to all skills.


Message History

You are too injured to fight recklessly!
You are too injured to fight recklessly!
You are too injured to fight recklessly!
You are too injured to fight recklessly!
You are too injured to fight recklessly!
You are too injured to fight recklessly!
You are too injured to fight recklessly!
You are too injured to fight recklessly!
You are too injured to fight recklessly!
You are too injured to fight recklessly!
You barely miss the phantom. You bite the phantom, but do no damage.
The phantom is lightly damaged.
The endoplasm hits you but does no damage.
The phantom closely misses you.
You barely miss the phantom.
The phantom is lightly damaged.
The endoplasm freezes you.
You are frozen.
The phantom barely misses you.
You hit the phantom.
The phantom is heavily damaged.
The endoplasm misses you. The phantom hits you.
The phantom blinks!
You blink.
Found 7 gold pieces.
The phantom barely misses you.
You miss the phantom.
The phantom is heavily damaged.
The endoplasm barely misses you. The phantom hits you.
* * * LOW HITPOINT WARNING * * *
You hit the phantom but do no damage.
The phantom is heavily damaged.
The endoplasm freezes you.
You are frozen.
* * * LOW HITPOINT WARNING * * *
The phantom hits you but does no damage.
You hit the phantom. Your bite misses the phantom.
The phantom is severely damaged.
The endoplasm freezes you.
You are frozen.
* * * LOW HITPOINT WARNING * * *
The hobgoblin closely misses you. The phantom hits you.
You die...

#........'.........#
+.......<#.∩....†..#
###........###...).####
#.....∩....# #.....##..
#+#..........+∆+.....+#+#
#$..#####....# #.....8#.#
#....$....# #....###.#
#####....W....# #....'..∩.
........J@..<###########.#
........g....+........ #.#
........_....# #.....# #'#
########.....# #.....# #..
#.....# #..†..#####
#.....# #..........
#.....# #..........
#...).# #.......... .....#
#......###+


You could see a phantom, an endoplasm and a hobgoblin.

Vanquished Creatures
  Sigmund (D:3)
  Ijyb (D:3)
  2 adders
  A gnoll (D:1)
  A worm (D:3)
  2 dart slugs
  An orc (D:2)
  2 ball pythons
  4 endoplasms
  3 giant cockroaches
  6 goblins
  5 hobgoblins
  6 jackals
  6 kobolds
  3 quokkas
  5 bats
  5 frilled lizards
  6 rats
60 creatures vanquished.

Vanquished Creatures (others)
  A plant (D:3)
1 creature vanquished.

Grand Total: 61 creatures vanquished

Notes
Turn   | Place    | Note
-------+----------+-------------------------------------------
     0 | D:1      | rabbitsville the Gnoll Wanderer began the quest for the
                  | Orb.
     0 | D:1      | rabbitsville set off with the following items: a +2 spear,
                  | a +0 short sword, a wand of polymorph (3), a potion of
                  | lignification, a +0 leather armour
     0 | D:1      | Reached XP level 1. HP: 13/13 MP: 1/1
   140 | D:1      | Reached XP level 2. HP: 19/19 MP: 2/2
   484 | D:1      | Reached XP level 3. HP: 23/25 MP: 3/3
   784 | D:2      | Reached skill level 1 in Invocations
   806 | D:2      | Identified the +4 whip of Starshine {venom, Str+2}
   894 | D:2      | Reached skill level 1 in Fighting
   894 | D:2      | Reached skill level 1 in Long Blades
   894 | D:2      | Reached skill level 1 in Axes
   894 | D:2      | Reached skill level 1 in Maces & Flails
   894 | D:2      | Reached skill level 1 in Staves
   894 | D:2      | Reached skill level 1 in Slings
   894 | D:2      | Reached skill level 1 in Bows
   894 | D:2      | Reached skill level 1 in Crossbows
   894 | D:2      | Reached skill level 1 in Dodging
   894 | D:2      | Reached skill level 1 in Stealth
   894 | D:2      | Reached skill level 1 in Shields
   894 | D:2      | Reached skill level 1 in Unarmed Combat
   894 | D:2      | Reached skill level 1 in Spellcasting
  1086 | D:2      | Reached XP level 4. HP: 28/32 MP: 5/5
  1715 | D:3      | Noticed Sigmund
  1718 | D:3      | Found a white marble altar of Elyvilon.
  1730 | D:3      | Killed Sigmund
  1731 | D:3      | Reached skill level 1 in Conjurations
  1731 | D:3      | Reached skill level 1 in Hexes
  1731 | D:3      | Reached skill level 1 in Summonings
  1731 | D:3      | Reached skill level 1 in Necromancy
  1731 | D:3      | Reached skill level 1 in Translocations
  1731 | D:3      | Reached skill level 1 in Transmutations
  1731 | D:3      | Reached skill level 1 in Fire Magic
  1731 | D:3      | Reached skill level 1 in Ice Magic
  1731 | D:3      | Reached skill level 1 in Air Magic
  1731 | D:3      | Reached skill level 1 in Earth Magic
  1731 | D:3      | Reached skill level 1 in Poison Magic
  1731 | D:3      | Reached XP level 5. HP: 15/38 MP: 5/7
  1731 | D:3      | Reached XP level 6. HP: 17/44 MP: 5/8
  1979 | D:3      | Found a sparkling altar of Nemelex Xobeh.
  2117 | D:3      | Found Vutaro's General Store.
  2117 | D:3      | Noticed Ijyb
  2118 | D:3      | Found Caamuk's Armour Shoppe.
  2128 | D:3      | Killed Ijyb
  2200 | D:3      | Bought a potion of heal wounds for 70 gold pieces
  2234 | D:3      | Found Hafut's Jewellery Emporium.
  2280 | D:3      | Found Duemaidu's Book Boutique.
  2284 | D:3      | Found a snail-covered altar of Cheibriados.
  2305 | D:3      | HP: 2/44 [frozen (5)]
  2305 | D:3      | Slain by a phantom

Illustrated notes

Levels and vault maps discovered:
D:1:      lightli_arrival_noodles, layout_basic, st_stairs_14,
          minmay_pentomino_u4
D:2:      layout_loops_ring, chequers_serial_rivers_small_3
D:3:      layout_basic, overflow_temple_1_default,
          nemelex_xobeh_ov_fountains_minmay, elyvilon_altar_1, serial_shops,
          shop, nicolae_shop_hallway_plus, shop, shop,
          nicolae_shop_hallway_plus, shapermc_ecumenical_altar_flowoftime,
          uniq_ijyb, uniq_sigmund

Skill      XL: |  1  2  3  4 |
---------------+-------------+-----
Invocations    | 1 2 |  2.1
Fighting       | 1 |  1.9
Long Blades    | 1 |  1.9
Axes           | 1 |  1.9
Maces & Flails | 1 |  1.9
Staves         | 1 |  1.9
Slings         | 1 |  1.9
Bows           | 1 |  1.9
Crossbows      | 1 |  1.9
Dodging        | 1 |  1.9
Stealth        | 1 |  1.9
Shields        | 1 |  1.9
Unarmed Combat | 1 |  1.9
Spellcasting   | 1 |  1.9
Throwing       | 3 |  3.2
Armour         | 3 |  3.2
Conjurations   | 1 |  1.5
Hexes          | 1 |  1.5
Summonings     | 1 |  1.5
Necromancy     | 1 |  1.5
Translocations | 1 |  1.5
Transmutations | 1 |  1.5
Fire Magic     | 1 |  1.5
Ice Magic      | 1 |  1.5
Air Magic      | 1 |  1.5
Earth Magic    | 1 |  1.5
Poison Magic   | 1 |  1.5
Short Blades   | |  6.8
Polearms       | |  6.8
Evocations     | |  4.9

Action                   |  1- 3 |  4- 6 || total
-------------------------+-------+-------++-------
Melee: Spear             |    62 |       ||    62
       Bite              |     4 |    13 ||    17
       Whip              |    11 |   102 ||   113
       Punch             |       |     2 ||     2
 Stab: Sleeping          |     3 |     7 ||    10
Armor: Leather armour    |    20 |    24 ||    44
Dodge: Dodged            |    26 |    66 ||    92
Block: Other             |       |    26 ||    26

Table legend: (Time is in decaauts)
 A = Elapsed time spent in this place.
 B = Non-inter-level travel time spent in this place.
 C = Inter-level travel time spent in this place.
 D = Time resting spent in this place.
 E = Time spent auto-exploring this place.
 F = Levels seen in this place.
 G = Mean time per level.
                   A        B        C        D        E       F      G
               +--------+--------+--------+--------+--------+-----+--------+
         Total |   2296 |   2238 |     58 |    218 |   1552 |   3 |  765.3 |
       Dungeon |   2296 |   2238 |     58 |    218 |   1552 |   3 |  765.3 |
               +--------+--------+--------+--------+--------+-----+--------+

Top non-repeatable levels by time:
     D:2: 925 daAuts
     D:1: 768 daAuts
     D:3: 602 daAuts
